 Dungeon Crawl Stone Soup version 0.27-a0-1579-g97d2440184 (webtiles) character file.

Game seed: 14300520934155135443

4 Zonian the Conjurer (level 1, 0/9 HPs)
             Began as a Vine Stalker Conjurer on July 17, 2021.
             Slain by a jackal (2 damage)
             ... on level 1 of the Dungeon.
             The game lasted 00:00:27 (172 turns).

Zonian the Conjurer (Vine Stalker Conjurer)          Turns: 172, Time: 00:00:28

Health: 0/9        AC:  2    Str:  9    XL:     1   Next: 60%
Magic:  0/4        EV: 12    Int: 18    God:
Gold:   0          SH:  0    Dex: 12    Spells: 3/4 levels left

rFire    . . .     SeeInvis .   b - +0 short sword
rCold    . . .     Faith    .   (no shield)
rNeg     . . .     Spirit   +   a - +0 robe
rPois    .         Reflect  .   (no helmet)
rElec    .         Harm     .   (no cloak)
rCorr    .         Rampage  .   (no gloves)
Will     .....                  (no boots)
Stlth    ++........             (no amulet)
HPRegen  0.03/turn              (no ring)
MPRegen  0.09/turn              (no ring)

@: no status effects
A: fangs 2, magic shield, antimagic bite, no potion heal 2
a: no special abilities


You were on level 1 of the Dungeon.
You visited 1 branch of the dungeon, and saw 1 of its levels.

Inventory:

Hand Weapons
 b - a +0 short sword (weapon)
Armour
 a - a +0 robe (worn)
Scrolls
 c - a scroll of summoning {unknown}


   Skills:
 + Level 1.6 Dodging
 + Level 2.4 Stealth
 + Level 2.2 Spellcasting
 + Level 4.1 Conjurations


You had 3 spell levels left.
You knew the following spells:

 Your Spells              Type           Power      Damage    Failure   Level
a - Magic Dart            Conj           68%        1d6       3%          1

Your spell library contained the following spells:

 Spells                   Type           Power      Damage    Failure   Level
 Searing Ray              Conj           34%        3d4       4%          2
 Dazzling Flash           Conj/Hex       18%        N/A       22%         3
 Fulminant Prism          Conj/Hex       4%         3d6       58%         4
 Iskenderun's Mystic Bla  Conj/Tloc      9%         2d4       58%         4


Dungeon Overview and Level Annotations

Branches:
Dungeon (1/15)

Altars:


Innate Abilities, Weirdness & Mutations

You have extremely sharp teeth.
When hurt, damage is shared between your health and your magic reserves.
Your bite disrupts and absorbs the magic of your enemies.
Potions cannot restore your health.


Message History

The jackal bites you.
Unknown command.
You closely miss the jackal.
The jackal is moderately wounded.
The jackal bites you but does no damage.
You miss the jackal.
The jackal is moderately wounded.
The jackal bites you. x2
* * * LOW HITPOINT WARNING * * *
Unknown command.
The jackal misses you. The jackal bites you.
* * * LOW HITPOINT WARNING * * *
The jackal barely misses you. x2
The jackal bites you but does no damage.
You are too injured to fight recklessly!
You are too injured to fight recklessly!
Unknown command.
You hit the jackal.
The jackal is severely wounded.
The jackal closely misses you.
You closely miss the jackal. Your bite misses the jackal.
The jackal is severely wounded.
The jackal closely misses you. x2
Unknown command.
You closely miss the jackal. You bite the jackal, but do no damage.
The jackal is severely wounded.
The jackal barely misses you.
Unknown command.
You hit the jackal but do no damage. Your bite misses the jackal.
The jackal is severely wounded.
The jackal misses you.
The jackal bites you but does no damage.
You hit the jackal.
The jackal is almost dead.
The jackal closely misses you.
You hit the jackal but do no damage.
The jackal is almost dead.
The jackal bites you.
You die...

.†. ..# #.# #.# #.# #.# #.#
##+ #.# #.# ##.. # #.#
#.#### ##... ##.###.###
#.##.## ##....
##........####hh...####h....
...........@hhhJ......'r....
##...##.#.######...####.....
..#..###.#.# ##### ##....
##.#>##...#.# ##...
.#.#.##.###.# ##..
###.#.#.##.# #.# ##'
..#.#.#.##.###.# #.
#.#.#.#......### #.
#.#.#.#.##.### #.


You could see an endoplasm and 5 jackals.

Vanquished Creatures
  A hobgoblin (D:1)
  A jackal (D:1)
  2 rats (D:1)
4 creatures vanquished.

Notes
Turn   | Place    | Note
-------+----------+-------------------------------------------
     0 | D:1      | Zonian the Vine Stalker Conjurer began the quest for the
                  | Orb.
     0 | D:1      | Reached XP level 1. HP: 9/9 MP: 4/4
   172 | D:1      | Slain by a jackal

Illustrated notes

Levels and vault maps discovered:
D:1:      matt_arrival_refuge, layout_loops_corners, kennysheep_minor_cross

Action                   || total
-------------------------++-------
Melee: Short sword       ||     8
       Bite              ||     1
 Cast: Magic Dart        ||     9
Armor: Robe              ||     4
Dodge: Dodged            ||    16

Table legend: (Time is in decaauts)
 A = Elapsed time spent in this place.
 B = Non-inter-level travel time spent in this place.
 C = Inter-level travel time spent in this place.
 D = Time resting spent in this place.
 E = Time spent auto-exploring this place.
 F = Levels seen in this place.
 G = Mean time per level.
                   A        B        C        D        E       F      G
               +--------+--------+--------+--------+--------+-----+--------+
         Total |    172 |    172 |      0 |      0 |    119 |   1 |  172.0 |
       Dungeon |    172 |    172 |      0 |      0 |    119 |   1 |  172.0 |
               +--------+--------+--------+--------+--------+-----+--------+

Top non-repeatable levels by time:
     D:1: 172 daAuts
